 Dungeon Crawl Stone Soup version 0.29.1-12-g30fa7ad0bf (webtiles) character file.

Game seed: 144379972623219102

72 mikeweasel the Covert (level 4, -1/20 HPs)
             Began as a Spriggan Brigand on Jan 9, 2023.
             Was an Initiate of Makhleb.
             Slain by a goblin
             ... wielding a +0 dagger
             ... led by Robin
              (2 damage)
             ... on level 2 of the Dungeon.
             The game lasted 00:15:39 (2263 turns).

mikeweasel the Covert (Spriggan Brigand)            Turns: 2263, Time: 00:15:40

Health: -1/20      AC:  3    Str: 14      XL:     4   Next: 6%
Magic:  5/5        EV: 20    Int: 12      God:    Makhleb [......]
Gold:   141        SH:  0    Dex: 19 (20) Spells: 3/3 levels left

rFire   . . .      SeeInvis +   l - +6 long sword of Mandamus {vorpal, rN+ Str+7}
rCold   . . .      Faith    .   (no shield)
rNeg    + . .      Spirit   .   b - +0 robe
rPois   .          Reflect  .   (helmet restricted)
rElec   .          Harm     .   c - +0 cloak
rCorr   .          Rampage  .   (gloves unavailable)
Will    .....                   (boots unavailable)
Stlth   +++++.....              (no amulet)
HPRegen 0.06/turn               r - +4 ring of evasion
MPRegen 0.09/turn               (no ring)

@: flying, very quick
A: very small, no large weapons, unfitting armour, see invisible, speed 3, thin
skeletal structure 1, deterioration 1, frail 1, high MP 1, screaming 1
a: Renounce Religion


You were on level 2 of the Dungeon.
You worshipped Makhleb.
Makhleb was noncommittal.
You visited 1 branch of the dungeon, and saw 3 of its levels.

You collected 141 gold pieces.

Inventory:

Hand Weapons
 a - a +2 dagger
 f - a +2 vorpal hand axe
 h - a +2 short sword of venom
 l - the +6 long sword of Mandamus (weapon) {vorpal, rN+ Str+7}
   (You found it on level 2 of the Dungeon)

   It inflicts extra damage upon your enemies.
   Str:       It affects your strength (+7).
   rN:        It protects you from negative energy.
Missiles
 d - 7 poisoned darts (quivered)
 e - 3 curare-tipped darts
 p - 4 atropa-tipped darts
Armour
 b - a +0 robe (worn)
 c - a +0 cloak (worn)
 i - a +0 helmet
Jewellery
 r - a +4 ring of evasion (left hand)
Scrolls
 j - 3 scrolls of vulnerability {unknown}
 k - a scroll of magic mapping {unknown}
 m - a scroll of teleportation
 n - a scroll of identify
Potions
 g - 2 potions of ambrosia
 o - a potion of curing


   Skills:
 + Level 1.7 Fighting
 + Level 2.4(2.5) Short Blades
 + Level 0.2(1.1) Long Blades
 + Level 2.1 Throwing
 + Level 1.4 Dodging
 + Level 8.0 Stealth


You had 3 spell levels left.
You didn't know any spells.
Your spell library contained the following spells:

 Spells                   Type           Power      Damage    Failure   Level
 Ignite Poison            Fire/Tmut/Pois 0%         N/A       69%         3
 Mephitic Cloud           Conj/Pois/Air  0%         N/A       69%         3
 Freezing Cloud           Conj/Ice/Air   0%         6-21      100%        5


Dungeon Overview and Level Annotations

Branches:
Dungeon (3/15)

Altars:
Makhleb

Annotations:
D:3 Robin


Innate Abilities, Weirdness & Mutations

You are very small and have problems with some larger weapons.
You are too small for most types of armour.
You have supernaturally acute eyesight. (SInv)
You cover ground extremely quickly. (Speed+++)
You have a somewhat thin skeletal structure. (Dex +2, Stealth+)
Your body sometimes deteriorates upon taking damage.
You are frail. (-10% HP)
You have an increased reservoir of magic. (+10% MP)
You occasionally shout uncontrollably at your foes.


Message History

You climb downwards.
Level annotation: Robin The goblin misses you.
The hobgoblin hits you but does no damage.
The goblin shoots a sling bullet.
The sling bullet misses you.
The sling bullet barely misses the hobgoblin.
The goblin hits you with a +0 club. x2; The hobgoblin misses you.
The goblin unwields a +0 sling.
The goblin wields a +0 club.
The goblin closely misses you.
There is a stone staircase leading up here.
The goblin barely misses you. The goblin completely misses you.
The hobgoblin hits you.
Robin roars a battlecry!
The goblins go into a battle-frenzy!
The goblin closely misses you. The goblin misses you.
You climb upwards.
There is a stone staircase leading down here.
You miss the goblin. The goblin completely misses you.
The goblin barely misses you. The goblin closely misses you.
The goblin misses you.
The hobgoblin hits you but does no damage.
The goblin completely misses you.
You slash the goblin!
You kill the goblin!
Makhleb accepts your kill. The goblin closely misses you.
The goblin barely misses you. The goblin hits you with a +0 club.
The hobgoblin completely misses you.
The goblin closely misses you. x2; The hobgoblin hits you.
* * * LOW HITPOINT WARNING * * *
The goblin barely misses you. The goblin misses you.
It was a potion of magic.
Magic courses through your body. The goblin misses you.
The goblin hits you with a +0 club.
* * * LOW HITPOINT WARNING * * *
The goblin misses you. The goblin closely misses you.
The hobgoblin closely misses you.
It was a potion of flight.
You feel very buoyant.
You fly up into the air.
The goblin closely misses you. x2
The goblin misses you. The goblin hits you with a +0 dagger.
You die...

#.##.##.### #.##'#.##'#.##'
#.##....# #.#..#.#..#.#..
#.......# ####.#8.#.#..'.'..
#######(####..#.####.####.###
#.........#..#..............
#.#.##..#.#..###############
#.#.##..#.#.....##.#........
#.#.....#.#gg...##.#####.###
#.#..##.#.)@g....#.......###
#.#.......g#g###.####.......
#.......##..#.##.# #.##.##.
####.#####.#...#<# #.#..##.
#.# #....##.# ##.#.###. #.#
#.#..##.# #........
#.#####.......###........
#...............(....##.#
#################.##.....


You could see a hobgoblin (strong) and 4 goblins.

Vanquished Creatures
  2 adders
  A worm (D:2)
  A dart slug (D:2)
  7 bats
  4 endoplasms
  A giant cockroach (D:2)
  5 goblins
  8 hobgoblins
  A quokka (D:1)
  5 ball pythons
  A frilled lizard (D:1)
  5 kobolds
  5 rats
46 creatures vanquished.

Notes
Turn   | Place    | Note
-------+----------+-------------------------------------------
     0 | D:1      | mikeweasel the Spriggan Brigand began the quest for the
                  | Orb.
     0 | D:1      | Reached XP level 1. HP: 10/10 MP: 2/2
    22 | D:1      | Reached skill level 6 in Stealth
    35 | D:1      | Gained mutation: You are frail. (-10% HP) [potion of
                  | mutation]
    35 | D:1      | Gained mutation: You have hidden genetic defects. [potion
                  | of mutation]
    35 | D:1      | Gained mutation: You have an increased reservoir of magic.
                  | (+10% MP) [potion of mutation]
    35 | D:1      | Gained mutation: You have a somewhat thin skeletal
                  | structure. (Dex +2, Stealth+) [potion of mutation]
   117 | D:1      | Gained mutation: You occasionally shout uncontrollably at
                  | your foes. [hidden defects]
   273 | D:1      | Gained mutation: Your body sometimes deteriorates upon
                  | taking damage. [hidden defects]
   273 | D:1      | Lost mutation: You have hidden genetic defects. [hidden
                  | defects expressed]
   277 | D:1      | Reached XP level 2. HP: 12/12 MP: 3/3
   501 | D:1      | Reached skill level 7 in Stealth
   934 | D:2      | Found a burning altar of Makhleb.
   941 | D:2      | Became a worshipper of Makhleb the Destroyer
  1214 | D:2      | Reached XP level 3. HP: 16/16 MP: 4/4
  1465 | D:2      | Identified the +6 long sword of Mandamus {vorpal, rN+
                  | Str+7}
  1850 | D:3      | Noticed Robin
  1904 | D:2      | Reached skill level 8 in Stealth
  2097 | D:2      | Reached XP level 4. HP: 10/20 MP: 5/5
  2262 | D:2      | HP: 1/20 [goblin/+0 club[Robin] (4)]
  2263 | D:2      | Slain by a goblin

Illustrated notes

Levels and vault maps discovered:
D:1:      wander_arrival_lonely_grave, layout_basic
D:2:      minmay_door_path, layout_loops_cross, basic_altar
D:3:      layout_rooms, shapermc_ecumenical_altar_flowoftime, uniq_robin

Skill      XL: |  1  2  3 |
---------------+----------+-----
Stealth        | 6 7 8 |  8.0
Fighting       | |  1.7
Short Blades   | |  2.4
Long Blades    | |  0.2
Throwing       | |  2.1
Dodging        | |  1.4

Action                   |  1- 3 |  4- 6 || total
-------------------------+-------+-------++-------
Melee: Dagger            |    30 |       ||    30
       Short sword       |    21 |       ||    21
       Long sword        |    24 |     4 ||    28
Throw: Dart              |    11 |       ||    11
  Use: Potion            |     3 |     2 ||     5
       Scroll            |     2 |       ||     2
 Stab: Sleeping          |    18 |       ||    18
Armor: Robe              |    14 |     2 ||    16
Dodge: Dodged            |    66 |    29 ||    95
